 Dungeon Crawl Stone Soup version 0.19.1 (webtiles) character file.

6885 GordonOverkill the Grappler (level 10, -7/104 HPs)
             Began as a Troll Transmuter on Dec 2, 2016.
             Was a High Priest of Okawaru.
             Killed by divine providence
             ... invoked by an orc priest
              (14 damage)
             ... on level 9 of the Dungeon.
             The game lasted 00:24:28 (8505 turns).

GordonOverkill the Grappler (Troll Transmuter)      Turns: 8505, Time: 00:24:29

Health: -7/104     AC:  7    Str: 22    XL:     10   Next: 79%
Magic:  10/10      EV: 10    Int:  9    God:    Okawaru [*****.]
Gold:   406        SH:  0    Dex: 14    Spells: 1 memorised, 10 levels left

rFire  . . .     SeeInvis .       - Unarmed
rCold  . . .     Gourm    +     s - +2 animal skin
rNeg   . . .     Faith    .     (no shield)
rPois  .         Spirit   .     (helmet restricted)
rElec  .         Reflect  .     (no cloak)
rCorr  .         Harm     .     (gloves unavailable)
MR     .....                    (boots unavailable)
Stlth  +.........               (no amulet)
                                (no ring)
                                y - +3 ring of dexterity

@: very slightly contaminated, hasted, very quick
A: unfitting armour, claws 3, fast metabolism 3, gourmand, regeneration 1,
shaggy fur 1, tough skin 2
a: Heroism, Finesse, Renounce Religion


You were on level 9 of the Dungeon.
You worshipped Okawaru.
Okawaru was extremely pleased with you.
You were completely stuffed.

You visited 2 branches of the dungeon, and saw 10 of its levels.

You collected 434 gold pieces.
You spent 28 gold pieces at shops.

Inventory:

Missiles
 g - 22 arrows
 j - 2 throwing nets (quivered)
Armour
 s - a +2 animal skin (worn)
Jewellery
 y - a +3 ring of dexterity (left claw)
Wands
 t - a wand of digging (14/24)
Scrolls
 h - 2 scrolls of recharging
 n - 3 scrolls of fog
 p - 3 scrolls of identify
 r - 3 scrolls of amnesia
 x - a scroll of remove curse
Potions
 a - a potion of lignification {unknown}
 e - 2 potions of cure mutation
 f - 3 potions of flight
 l - 2 potions of agility
 o - a potion of might
 u - 2 potions of brilliance
 z - a potion of haste
 A - a potion of beneficial mutation {unknown}
Books
 c - a book of Changes

   Spells                             Type                      Level
   a - Beastly Appendage              Transmutation                1
   b - Sticks to Snakes               Transmutation                2
   c - Spider Form                    Transmutation/Poison         3
   d - Ice Form                       Ice/Transmutation            4
   e - Blade Hands                    Transmutation                5
Comestibles
 b - 6 meat rations
 d - 9 bread rations
 i - 2 slices of pizza
 k - 4 beef jerkies
 m - 9 chunks of flesh
 w - 3 fruits


   Skills:
 + Level 8.0 Fighting
 - Level 1.5 Dodging
 * Level 13.5 Unarmed Combat
 - Level 1.2 Spellcasting
 - Level 1.3 Transmutations


You had 10 spell levels left.
You knew the following spells:

 Your Spells              Type           Power        Failure   Level  Hunger
a - Beastly Appendage     Tmut           #.....       21%         1    ##.....


Dungeon Overview and Level Annotations

Branches:
Dungeon (9/15)             Temple (1/1) D:4            Lair (0/6) D:9
    Orc (0/2) D:9

Altars:
Ashenzari
Cheibriados
Dithmenos
Elyvilon
Fedhas
Gozag
Hepliaklqana
Kikubaaqudgha
Makhleb
Nemelex Xobeh
Okawaru
Qazlal
Ru
Sif Muna
Trog
Uskayaw
Vehumet
Xom
Yredelemnul
Zin
The Shining One

Shops:
D:6 *   D:9 =

Annotations:
D:9 Prince Ribbit


Innate Abilities, Weirdness & Mutations

You are too large for most types of armour.
You have claws for hands.
Your metabolism is lightning-fast.
You like to eat raw meat.
Your natural rate of healing is unusually fast.
You are covered in fur. (AC +1)
You have very tough skin. (AC +2)


Message History

* * * LOW HITPOINT WARNING * * *
Prince Ribbit lets out a mournful croak.
You scratch the orc priest.
The orc priest is moderately wounded.
You scratch the orc priest.
The orc priest is heavily wounded.
The orc priest invokes the aid of Beogh against you.
Pain shoots through your body!
* * * LOW HITPOINT WARNING * * *
You feel better.
The orc priest casts a cantrip, but nothing happens.
You feel yourself speed up.
You are very lightly contaminated with residual magic.
The orc priest barely misses you.
The orc priest calls down the wrath of Beogh upon you.
Beogh smites you!
* * * LOW HITPOINT WARNING * * *
The orc priest mumbles some strange prayers to Beogh against you.
Beogh smites you!
You die...

###..#).o.... #o...o!...>..
########o#...[.....# #######
#........#.....[.... ......#
#.....o..#.......... ......#
#....oF..########### ......#
#.........# ##....# #.........#
∩'....######.)..@....#
##....##........<....# #######
......#..###.........######......
......'.## #................#####
......### #.........########
......# #######.### ####### #.# #
##############.# #
#.#.#.#_#.#.##.#


You could see Prince Ribbit, an orc warrior, 2 orc priests and an orc.

Vanquished Creatures
  The ghost of moozooh the Cudgeler, a novice TrFi (D:5)
  A spiny frog (shapeshifter) (D:8)
  A troll (D:8)
  A hippogriff (D:4)
  4 yaks
  A wraith (D:9)
  A soldier ant (D:8)
  4 porcupines
  3 sky beasts
  An orc warrior (D:7)
  A phantom (D:4)
  2 ice beasts (D:8)
  The ghost of TheSquall the Slasher, an amateur MiFi (D:3)
  7 ogres
  A necrophage (D:8)
  3 centaurs
  2 crocodiles (D:8)
  5 bullfrogs
  A big kobold (D:8)
  Blork the orc (D:4)
  An elf skeleton (D:9)
  5 killer bees (D:8)
  13 wights
  The ghost of endtime the Slasher, a weakling HEFi (D:4)
  2 vampire bats (D:7)
  A bullfrog zombie (D:8)
  3 crimson imps
  2 centaur zombies
  2 hounds
  5 human zombies (D:9)
  2 jellies (D:8)
  2 centaur skeletons (D:6)
  4 orc priests
  8 orc wizards
  3 iguanas
  4 worker ants
  2 mummies (D:9)
  Robin (D:2)
  A worker ant zombie (D:5)
  4 gnolls
  11 adders
  2 river rats (D:8)
  2 shadow imps
  An ooze (D:4)
  A worm (D:2)
  5 leopard geckos
  27 orcs
  6 bats
  2 bat skeletons (D:7)
  3 bat zombies (D:7)
  4 giant cockroaches
  12 goblins
  16 hobgoblins
  25 jackals
  6 quokkas
  A ball python (D:2)
  9 frilled lizards
  12 kobolds
  A leopard gecko skeleton (D:6)
  An orc zombie (D:9)
  A quokka skeleton (D:7)
  6 rats
262 creatures vanquished.

Notes
Turn   | Place    | Note
-------+----------+-------------------------------------------
     0 | D:1      | GordonOverkill the Troll Transmuter began the quest for the Orb.
     0 | D:1      | Reached XP level 1. HP: 18/18 MP: 1/1
    28 | D:1      | Reached skill level 1 in Fighting
    84 | D:1      | Reached XP level 2. HP: 24/27 MP: 2/2
   201 | D:1      | Reached XP level 3. HP: 15/33 MP: 3/3
   405 | D:1      | Reached skill level 4 in Unarmed Combat
  1360 | D:2      | Reached XP level 4. HP: 42/42 MP: 4/4
  1500 | D:3      | Noticed TheSquall's ghost (amateur MiFi)
  1500 | D:3      | Noticed Robin
  1597 | D:2      | Killed Robin
  1882 | D:3      | Killed TheSquall's ghost
  1882 | D:3      | Reached skill level 5 in Unarmed Combat
  1882 | D:3      | Reached XP level 5. HP: 26/49 MP: 5/5
  2533 | D:4      | Found a staircase to the Ecumenical Temple.
  2535 | D:4      | Noticed Blork the orc
  2541 | D:4      | Killed Blork the orc
  2541 | D:4      | Reached skill level 6 in Unarmed Combat
  2541 | D:4      | Reached XP level 6. HP: 51/59 MP: 6/6
  2561 | Temple   | Entered the Ecumenical Temple
  2568 | Temple   | Became a worshipper of Warmaster Okawaru
  2810 | D:4      | Noticed endtime's ghost (weakling HEFi)
  2819 | D:4      | Killed endtime's ghost
  2952 | D:4      | Found a burning altar of Makhleb.
  2952 | D:4      | Noticed an Executioner
  2955 | D:4      | Noticed an orange demon
  2955 | D:4      | Noticed an orange demon
  3227 | D:4      | Reached skill level 7 in Unarmed Combat
  3227 | D:4      | Reached XP level 7. HP: 64/67 MP: 7/7
  3279 | D:5      | Entered Level 5 of the Dungeon
  3552 | D:5      | Noticed a hippogriff
  3682 | D:4      | Killed a hippogriff
  3951 | D:5      | Noticed moozooh's ghost (novice TrFi)
  3965 | D:5      | Killed moozooh's ghost
  3965 | D:5      | Reached * piety under Okawaru
  3965 | D:5      | Reached skill level 8 in Unarmed Combat
  3965 | D:5      | Reached XP level 8. HP: 21/79 MP: 8/8
  4288 | D:6      | Found Vopu's General Store.
  4293 | D:6      | Bought a scroll of identify for 28 gold pieces
  4337 | D:6      | Reached skill level 9 in Unarmed Combat
  4743 | D:7      | Reached ** piety under Okawaru
  4750 | D:7      | Reached skill level 5 in Fighting
  4836 | D:7      | Found a hazy altar of Hepliaklqana.
  4984 | D:7      | Reached skill level 10 in Unarmed Combat
  5066 | D:7      | Reached XP level 9. HP: 57/88 MP: 9/9
  5250 | D:7      | Found a burning altar of Makhleb.
  5364 | D:7      | Found an ancient bone altar of Kikubaaqudgha.
  5738 | D:8      | Reached *** piety under Okawaru
  5806 | D:8      | Noticed a spiny frog
  5814 | D:8      | Killed a spiny frog
  5814 | D:8      | Reached skill level 11 in Unarmed Combat
  6252 | D:8      | Noticed a troll
  6270 | D:8      | Killed a troll
  6337 | D:8      | Reached skill level 12 in Unarmed Combat
  6359 | D:8      | Reached XP level 10. HP: 74/99 MP: 10/10
  6364 | D:8      | Reached **** piety under Okawaru
  7380 | D:9      | Found a staircase to the Lair.
  7629 | D:8      | Reached skill level 13 in Unarmed Combat
  7909 | D:9      | Reached ***** piety under Okawaru
  8002 | D:9      | Found Ecyc's Jewellery Shoppe.
  8068 | D:9      | Found a basalt altar of Yredelemnul.
  8478 | D:9      | Noticed Prince Ribbit
  8478 | D:9      | Found a staircase to the Orcish Mines.
  8492 | D:9      | HP: 4/104 [orc priest/divine providence (12)]
  8505 | D:9      | Killed from afar by an orc priest

Skill      XL: |  1  2  3  4  5  6  7  8  9 10 |
---------------+-------------------------------+-----
Fighting       | 1 2 3 4 5 6 8 |  8.0
Unarmed Combat | 4 5 6 7 8 10 12 13 | 13.5
Dodging        | |  1.5
Spellcasting   | |  1.2
Transmutations | |  1.3

Action                   |  1- 3 |  4- 6 |  7- 9 | 10-12 || total
-------------------------+-------+-------+-------+-------++-------
Melee: Unarmed           |    96 |   183 |   256 |   201 ||   736
       Punch             |     1 |     3 |    12 |    16 ||    32
  Use: Scroll            |       |       |    19 |     2 ||    21
       Potion            |       |       |       |     6 ||     6
 Stab: Distracted        |     1 |       |       |       ||     1
       Sleeping          |     3 |     1 |     1 |     1 ||     6
  Eat: Chunk             |    17 |    18 |    29 |    19 ||    83
Armor: Robe              |    31 |    33 |       |       ||    64
       Animal skin       |       |    51 |    84 |    76 ||   211
Dodge: Dodged            |    41 |   126 |   104 |    83 ||   354
